 Dungeon Crawl Stone Soup version 0.28-b1-25-g9875b3fc8c (webtiles) character file.

Game seed: 3498486880391388076

623537 sankara the Sensei (level 27, -8/308 (339) HPs)
             Began as a Red Draconian Transmuter on Feb 2, 2022.
             Was the Champion of Ru.
             Killed from afar by a frost giant (12 damage)
             ... with a bolt of cold
             ... on level 5 of Gehenna on Feb 3, 2022.
             The game lasted 05:27:44 (93478 turns).

sankara the Sensei (Red Draconian Transmuter)      Turns: 93478, Time: 05:27:45

HP:   -8/308 (339)  AC: 33    Str: 22      XL:     27
MP:   38/39         EV: 27    Int: 24      God:    Ru [******]
Gold: 7384          SH: 22    Dex: 23 (24) Spells: 15/50 levels left

rFire   + + +      SeeInvis .     - Unarmed
rCold   + + .      Faith    .   O - +2 kite shield {rN+}
rNeg    + + +      Spirit   .   (armour unavailable)
rPois   ∞          Reflect  +   P - +2 hat {Will+}
rElec   +          Harm     .   W - +0 cloak of Objectivity {rElec rC++ Str-4}
rCorr   .          Rampage  .   (gloves currently unavailable)
Will    +++..                   (boots currently unavailable)
Stlth   ..........              r - amulet of Ryim {Reflect rN+ Str+2 Int+8 SH+5}
HPRegen 0.61/turn               s - ring of the Glimmering Hero {rF+ Str+6 Dex+4}
MPRegen 0.26/turn               x - ring of protection from fire

@: mighty, exhausted, statue-form, marked, unable to drink, on blink cooldown,
hasted (expiring), drained, unable to read
A: slow and powerful, torment resistance 1, boosted hp, (breathe fire), AC +13,
unfitting armour, fire resistance 1, cold-blooded, inability to drink while
threatened, no stealth, hated by all, no air magic, no conjurations magic, no
hexes magic, unskilled 1, missing an eye, beak, clever 1
}: 3/15 runes: serpentine, barnacled, silver
a: End Transformation, Renounce Religion, Draw Out Power, Power Leap, Apocalypse


You were on level 5 of Gehenna.
You worshipped Ru.
Ru was exalted by your worship.
You were a living statue of rough stone.
You visited 13 branches of the dungeon, and saw 56 of its levels.
You visited the Abyss 2 times.
You visited 1 bazaar.
You also visited: Sewer and Ice Cave.

You collected 9708 gold pieces.
You spent 2324 gold pieces at shops.

Inventory:

Hand Weapons
 b - the +9 hand axe of Kypeoz {freeze, +Blink Int+9 Dex-2 Stlth-}
   (You found it on level 6 of the Dungeon)

   It freezes those it strikes, dealing additional cold damage.
   It can also slow down cold-blooded creatures.
   Int:       It affects your intelligence (+9).
   Dex:       It affects your dexterity (-2).
   +Blink:    It lets you blink.
   Stlth:     It makes you less stealthy.
Missiles
 i - 77 poisoned darts (quivered)
 o - 3 boomerangs of dispersal
 q - 53 boomerangs
 u - 2 javelins
 B - a curare-tipped dart
 L - 8 atropa-tipped darts
 Q - 3 throwing nets
Armour
 j - a +2 pair of boots of flying (melded)
 I - a +2 pair of gloves of infusion (melded)
 O - a +2 kite shield of positive energy (worn)
 P - a +2 hat of willpower (worn)
 W - the +0 cloak of Objectivity (worn) {rElec rC++ Str-4}
   (You found it on level 6 of the Lair of Beasts)

   Str:       It affects your strength (-4).
   rC:        It greatly protects you from cold.
   rElec:     It insulates you from electricity.
Jewellery
 d - a ring of resist corrosion
 e - the ring "Zirefilo" {Fly Str-4 Dex+4 Slay+3}
   (You bought it in a shop on level 2 of the Snake Pit)

   [ring of flight]

   Str:       It affects your strength (-4).
   Dex:       It affects your dexterity (+4).
   Slay:      It affects your accuracy & damage with ranged weapons and melee
   (+3).
   Fly:       It grants you flight.
 l - the ring "Pakkuh" {Will+ MP+9}
   (You found it on level 3 of the Crypt)

   [ring of magical power]

   MP:        It affects your magic capacity (+9).
   Will:      It increases your willpower.
 n - a ring of see invisible
 r - the amulet of Ryim (around neck) {Reflect rN+ Str+2 Int+8 SH+5}
   (You took it off an orc on level 3 of the Dungeon)

   [amulet of reflection]

   It reflects blocked missile attacks.
   Str:       It affects your strength (+2).
   Int:       It affects your intelligence (+8).
   rN:        It protects you from negative energy.
   SH:        It affects your SH (+5).
 s - the ring of the Glimmering Hero (left fist) {rF+ Str+6 Dex+4}
   (You found it on level 14 of the Dungeon)

   [ring of strength]

   Str:       It affects your strength (+6).
   Dex:       It affects your dexterity (+4).
   rF:        It protects you from fire.
 x - a ring of protection from fire (right fist)
 y - a ring of positive energy
 Y - the ring of the Bouncing Wars {AC+4 Str+6}
   (You found it on level 1 of the Orcish Mines)

   [ring of protection]

   AC:        It affects your AC (+4).
   Str:       It affects your strength (+6).
Wands
 g - a wand of digging (31)
 p - a wand of paralysis (37)
 A - a wand of iceblast (36)
 K - a wand of acid (15)
 T - a wand of mindburst (16)
Scrolls
 c - 44 scrolls of identify
 k - a scroll of fear
 m - 16 scrolls of teleportation
 v - 3 scrolls of silence
 G - 4 scrolls of blinking
 H - 4 scrolls of magic mapping
 N - 3 scrolls of holy word
 S - 4 scrolls of fog
Potions
 a - 4 potions of might
 f - 23 potions of curing
 h - 16 potions of heal wounds
 t - a potion of berserk rage
 z - 4 potions of magic
 D - 4 potions of cancellation
 F - 3 potions of invisibility
 J - 3 potions of haste
 M - 10 potions of brilliance
 R - 5 potions of lignification
 V - 3 potions of resistance
 X - a potion of flight


   Skills:
 - Level 24.0 Fighting
 + Level 18.4 Dodging
 - Level 15.0 Shields
 + Level 24.5 Unarmed Combat
 - Level 12.0 Spellcasting
 * Level 5.7 Translocations
 - Level 16.0 Transmutations
 - Level 3.0 Ice Magic
 - Level 12.0 Earth Magic
 - Level 3.0 Poison Magic


You had 15 spell levels left.
You knew the following spells:

 Your Spells              Type           Power      Damage    Failure   Level
a - Passwall              Tmut/Erth      57%        N/A       1%          2
b - Blink                 Tloc           84%        N/A       1%          2
c - Spider Form           Tmut/Pois      56%        N/A       1%          3
d - Statue Form           Tmut/Erth      46%        N/A       3%          6
e - Ice Form              Ice/Tmut       56%        N/A       1%          4
f - Petrify               Tmut/Erth      69%        N/A       1%          4
g - Wereblood             Tmut           75%        N/A       0%          2
h - Dragon Form           Tmut           37%        N/A       9%          7
i - Manifold Assault      Tloc           42%        N/A       19%         5

Your spell library contained the following spells:

 Spells                   Type           Power      Damage    Failure   Level
 Beastly Appendage        Tmut           100%       N/A       0%          1
 Apportation              Tloc           84%        N/A       1%          1
 Sandblast                Erth           100%       2d20      1%          1
 Sting                    Tmut/Pois      100%       1d8       1%          1
 Gell's Gravitas          Tloc           42%        N/A       1%          3
 Lesser Beckoning         Tloc           42%        N/A       1%          3
 Teleport Other           Tloc           42%        N/A       1%          3
 Blade Hands              Tmut           37%        N/A       1%          5
 Lee's Rapid Deconstruct  Erth           32%        3d17*     1%          5
 Freeze                   Ice            100%       1d11      2%          1
 Alistair's Intoxication  Tmut/Pois      37%        N/A       4%          5
 Frozen Ramparts          Ice            56%        1d7       6%          3
 Ozocubu's Armour         Ice            28%        N/A       6%          3
 Passage of Golubria      Tloc           42%        N/A       7%          4
 Sublimation of Blood     Necr           14%        N/A       11%         2
 Olgreb's Toxic Radiance  Pois           28%        N/A       22%         4
 Dispel Undead            Necr           14%        3d10      58%         4
 Dispersal                Tloc           21%        N/A       71%         6
 Agony                    Necr           14%        N/A       90%         5
 Excruciating Wounds      Necr           7%         N/A       90%         5
 Ozocubu's Refrigeration  Ice            14%        4d7       100%        7
 Ignition                 Fire           7%         3d4       100%        8
 Stone Arrow              Conj/Erth      Unusable   3d12      N/A         3
 Animate Armour           Summ/Erth      Unusable   N/A       N/A         4
 Leda's Liquefaction      Hex/Erth       Unusable   N/A       N/A         4
 Portal Projectile        Hex/Tloc       Unusable   N/A       N/A         3
 Irradiate                Conj/Tmut      Unusable   3d22      N/A         5
 Yara's Violent Unravell  Hex/Tmut       Unusable   3d11      N/A         5
 Corpse Rot               Necr/Air       Unusable   N/A       N/A         2
 Call Canine Familiar     Summ           Unusable   N/A       N/A         3
 Confusing Touch          Hex            Unusable   N/A       N/A         3
 Dazzling Flash           Conj/Hex       Unusable   N/A       N/A         3
 Inner Flame              Hex/Fire       Unusable   N/A       N/A         3
 Tukima's Dance           Hex            Unusable   N/A       N/A         3
 Iskenderun's Mystic Bla  Conj/Tloc      Unusable   2d7       N/A         4
 Hailstorm                Conj/Ice       Unusable   3d6       N/A         4
 Summon Ice Beast         Ice/Summ       Unusable   N/A       N/A         4
 Airstrike                Air            Unusable   N/A       N/A         4
 Anguish                  Hex/Necr       Unusable   N/A       N/A         4
 Cause Fear               Hex            Unusable   N/A       N/A         4
 Summon Lightning Spire   Summ/Air       Unusable   N/A       N/A         4
 Iron Shot                Conj/Erth      Unusable   9d5       N/A         6
 Metabolic Englaciation   Hex/Ice        Unusable   N/A       N/A         5
 Lightning Bolt           Conj/Air       Unusable   1d19      N/A         5
 Silence                  Hex/Air        Unusable   N/A       N/A         5
 Simulacrum               Ice/Necr       Unusable   N/A       N/A         6
 Death Channel            Necr           Unusable   N/A       N/A         6
 Enfeeble                 Hex            Unusable   N/A       N/A         7
 Malign Gateway           Summ/Tloc      Unusable   N/A       N/A         7
 Discord                  Hex            Unusable   N/A       N/A         8
 Infestation              Necr           Unusable   N/A       N/A         8
 Dragon's Call            Summ           Unusable   N/A       N/A         9

Dungeon Overview and Level Annotations

Branches:
Dungeon (15/15)            Temple (1/1) D:4            Lair (6/6) D:8
 Shoals (4/4) Lair:2        Snake (4/4) Lair:4        Slime (0/5) Lair:5
    Orc (2/2) D:12            Elf (3/3) Orc:2        Vaults (5/5) D:14
  Crypt (3/3) Vaults:3       Tomb (0/3) Crypt:3      Depths (4/4) D:15
   Hell (visited)             Dis (0/7) Hell            Geh (3/7) Hell
    Coc (0/7) Hell            Tar (0/7) Hell            Zot (4/5) Depths:4
  Sewer (visited)           IceCv (visited)

Altars:
Ashenzari
Cheibriados
Dithmenos
Elyvilon
Fedhas
Gozag
Hepliaklqana
Kikubaaqudgha
Makhleb
Nemelex Xobeh
Okawaru
Qazlal
Ru
Sif Muna
Trog
Uskayaw
Vehumet
Wu Jian
Xom
Yredelemnul
Zin
The Shining One
Beogh
Lugonu

Shops:
D:1 :   D:4 *   D:14 =!   Orc:2 =[[!   Shoals:3 *   Snake:2 [(=   Snake:4 [!(
Vaults:2 (   Depths:2 (*

Portals:
Hell: Depths:1 Depths:2 Depths:3 Depths:4
Abyss: Depths:1 Depths:2 Depths:3 Depths:4
Pandemonium: Depths:2
Ziggurat: Depths:4

Annotations:
D:3 Grinder


Innate Abilities, Weirdness & Mutations

You are a living statue of rough stone.
Your actions are slow, but your melee attacks are powerful.
You are resistant to unholy torment.
Your maximum health is greatly increased.
You are immune to poison.
Your equipment is partially melded.
((You can breathe blasts of fire.))
((Your fiery red scales are hard. (AC +13)))
You cannot fit into any form of body armour.
Your flesh is heat resistant. (rF+)
You are cold-blooded and may be slowed by cold attacks.
You sometimes lose the ability to drink potions when taking damage.
You cannot be stealthy.
You are hated by all.
You cannot study or cast Air magic.
You cannot study or cast Conjurations magic.
You cannot study or cast Hexes magic.
You are somewhat unskilled. (-1 Apt)
You are missing an eye, making it more difficult to aim.
You have a beak for a mouth.
Your mind is acute. (Int +2)


Message History

You tail-slap the titan!!
The titan is severely wounded.
The frost giant begins to cast a spell, but is stunned by your conviction!
The titan mumbles some strange words.
The titan is healed somewhat.
The titan begins to cast a spell, but is stunned by your conviction!
You squash the titan like an ant!!!
You kill the titan!
The fire giant gestures at you while chanting.
The bolt of fire misses you.
The titan waves its arms in wide circles.
The air twists around and strikes you.
Unknown command.
Casting: Blink (safe; 1% risk of failure)
Confirm with . or Enter, or press ? or * to list all spells.
You blink.
You redirect the fire giant's attack!
The fire giant points at the frost giant and mumbles some strange words.
The bolt of fire hits the fire giant.
The fire giant resists.
The bolt of fire hits the fire giant!
The fire giant resists.
The bolt of fire hits the frost giant!!
The frost giant dies!
The fire giant shouts!
You beat the juggernaut into a bloody pulp!!!
You tail-slap the juggernaut, but do no damage.
The juggernaut is almost dead.
You redirect the titan's attack!
The titan hits you.
* * * LOW HITPOINT WARNING * * *
You block the frost giant's attack.
The frost giant begins to cast a spell, but is stunned by your conviction!
The juggernaut hits you!!!
* * * LOW HITPOINT WARNING * * *
You block the juggernaut's attack.
Unknown command.
Unknown command.
The titan begins to cast a spell, but is stunned by your conviction!
The frost giant points at you and mumbles some strange words.
The bolt of cold hits you! You resist.
You die...

.....≈# ##§.)............≈#
......≈##≈§§≈.....§§.....≈#
......≈≈§§..C≈...≈..§.....§
.......§§§§(.)...§§.§.....≈
≈≈.....§§≈CC)†.§§§§≈≈......
≈≈.....§.§CCC.≈.§≈##≈≈.....
##..§...†.C§C...§## #≈≈....
#§≈......C...≈≈§# #≈≈...
##≈§.....§.8≈≈### §§§≈.
##≈§.......≈≈# §§≈≈
##§§§....≈≈## ≈≈≈
##§§§§§§§## ##§≈.§§##
##≈≈### #§#


You could see a juggernaut, 2 titans, 2 frost giants, 3 fire giants and a stone
giant.

Vanquished Creatures
  Khufu (Crypt:3)
  3 ancient liches
  Mara (Depths:2)
  A juggernaut (Geh:5)
  2 royal mummies (Crypt:3)
  Sojobo (Depths:1)
  Vashnia (Snake:2)
  A shard shrike (IceCv)
  A Killer Klown (Zot:3)
  The ghost of AgonHex the Hoplite, a veteran HOFi of Qazlal (Vaults:3)
  Margery (Vaults:2)
  Bai Suzhen (Depths:1)
  Geryon (Hell)
  5 caustic shrikes
  10 golden dragons
  Jory (Vaults:4)
  A bone dragon (Crypt:3)
  2 hellephants
  11 tentacled monstrosities
  A walking earthen tome (Depths:3)
  3 tainted leviathans (Geh:5)
  Rupert (D:14)
  A walking crystal tome (Depths:2)
  2 deep elf blademasters (Elf:3)
  A walking divine tome (Depths:4)
  A walking frostbound tome (Depths:2)
  8 liches
  2 deep elf master archers (Elf:3)
  10 titans
  7 quicksilver dragons
  9 death cobs
  7 ancient champions
  Kirke (Lair:6)
  3 sphinxes
  19 storm dragons
  Gastronok (Lair:2)
  14 tengu reavers
  6 draconian monks
  Agnes (D:14)
  4 nagarajas
  8 shadow dragons
  20 fire giants
  2 revenants
  4 iron dragons
  3 balrugs
  8 draconian knights
  7 draconian scorchers
  17 frost giants
  A curse skull (Crypt:3)
  A cacodemon (Hell)
  3 orc warlords
  12 vault wardens
  9 deep elf sorcerers
  2 ghost moths (Zot:4)
  A juggernaut zombie (Crypt:3)
  7 ghouls (Crypt:2)
  4 draconian shifters
  A caustic shrike skeleton (Depths:2)
  2 draconian stormcallers
  7 war gargoyles
  3 draconian annihilators
  17 ironbound preservers
  A deep elf elementalist (Elf:1)
  25 stone giants
  17 very ugly things
  3 spriggan defenders
  10 ironbound thunderhulks
  8 reapers (Hell)
  11 vampire knights
  4 deep elf demonologists
  7 deep elf annihilators
  2 entropy weavers
  8 red draconians
  8 green draconians
  Nessos (D:14)
  6 white draconians
  9 black draconians
  9 purple draconians
  A lorocyproca (Hell)
  7 spark wasps
  An eidolon (Crypt:1)
  10 dire elephants
  10 yellow draconians
  10 fire dragons
  An iron golem (Hell)
  6 deep elf death magi
  A blizzard demon (Hell)
  A green death (Hell)
  6 merfolk javelineers
  12 merfolk impalers
  The ghost of doomedcactus the Fighter, a journeyman OgHu of Hepliaklqana (Orc:1)
  3 crystal guardians
  17 ettins
  7 jiangshi
  10 deep elf high priests
  12 yaktaur captains
  12 naga warriors
  3 boulder beetles
  A salamander tyrant (Snake:4)
  5 rakshasas (Depths:3)
  8 great orbs of eyes
  2 spriggan zombies (Crypt:3)
  37 vault guards
  Harold (D:9)
  9 ice dragons
  3 merfolk avatars
  11 hydras
  4 peacekeepers
  3 ogre magi (Vaults:4)
  A death knight (D:15)
  A catoblepas (Lair:6)
  8 anacondas
  15 centaur warriors
  6 merfolk aquamancers
  10 ironbound frosthearts
  A stoker (Geh:1)
  A death yak (Lair:6)
  3 titan zombies
  4 deep troll shamans
  An alligator snapping turtle (Shoals:3)
  A tengu warrior (Depths:4)
  4 shock serpents
  32 hell hogs
  A spectral dire elephant (Lair:6)
  Urug (Orc:2)
  An orc high priest (Orc:1)
  6 two-headed ogres
  34 dancing weapons
  2 deep troll earth magi
  8 vampire magi
  24 naga sharpshooters
  5 spriggan berserkers
  5 soul eaters
  11 sun demons
  29 skeletal warriors
  11 hell knights
  22 deep elf knights
  A spatial maelstrom (Abyss:3)
  3 iron trolls
  8 salamander mystics
  A spectral anaconda (Lair:6)
  A fire crab (shapeshifter) (Vaults:5)
  A titan skeleton (Crypt:2)
  10 sea snakes
  5 shadow wraiths
  2 flayed ghosts
  An orb spider (shapeshifter) (Vaults:2)
  A steelbarb worm (shapeshifter) (Vaults:5)
  8 naga ritualists (Snake:4)
  An obsidian statue (Lair:6)
  44 deep trolls
  13 deep elf archers
  A bunyip skeleton (Crypt:3)
  4 bog bodies (Crypt:2)
  4 glowing orange brains
  17 ironbound convokers
  A shadow dragon zombie (Depths:1)
  An orange crystal statue (IceCv)
  3 lindwurms (Vaults:2)
  A spriggan simulacrum (Crypt:1)
  11 phantasmal warriors
  A tengu zombie (Vaults:2)
  13 orc knights
  8 wizards
  7 orc sorcerers
  28 deep elf zephyrmancers
  15 necromancers
  13 harpies
  A jorogumo zombie (Crypt:1)
  4 mana vipers
  A golden dragon skeleton (Depths:2)
  A frost giant zombie (Depths:2)
  32 deep elf pyromancers
  A tengu skeleton (Vaults:2)
  42 ugly things
  A faun (shapeshifter) (Vaults:3)
  18 salamanders
  9 fauns
  A stone giant zombie (Crypt:2)
  A sphinx skeleton (Depths:2)
  11 manticores
  30 moths of wrath
  8 elephants
  9 fire giant skeletons (Crypt:3)
  An elephant (shapeshifter) (Vaults:2)
  3 cyclopes
  2 guardian serpents
  An apocalypse crab (Abyss:3)
  3 dire elephant zombies
  16 vault sentinels
  3 merfolk sirens
  2 ice statues (Snake:2)
  9 smoke demons
  A titan simulacrum (Depths:2)
  8 water nymphs
  14 naga magi
  16 black mambas
  A rust devil (Hell)
  A naga skeleton (Crypt:3)
  2 naga zombies
  An elephant slug zombie (Crypt:2)
  An orange demon (D:15)
  7 gargoyles
  A dire elephant skeleton (Lair:6)
  6 molten gargoyles
  A torpor snail (Lair:2)
  15 cane toads
  2 unseen horrors (D:12)
  3 centaur skeletons
  3 hellions
  18 rime drakes (IceCv)
  A komodo dragon (shapeshifter) (Vaults:5)
  13 komodo dragons
  7 ice devils
  5 freezing wraiths
  An unseen horror (shapeshifter) (D:13)
  A kobold demonologist (D:13)
  17 yaktaurs
  A tormentor (Abyss:2)
  5 trolls
  2 alligator snapping turtle skeletons (Crypt:3)
  A red devil (Hell)
  20 merfolk
  3 harpy zombies
  A hydra zombie (Hell)
  A tyrant leech (shapeshifter) (Depths:4)
  A meliai (shapeshifter) (Depths:2)
  3 meliai (D:14)
  A tengu conjurer (Depths:4)
  15 polar bears
  A hornet (Lair:3)
  A jumping spider zombie (Crypt:2)
  5 blink frogs
  2 meliai zombies
  30 slime creatures
  2 harpy skeletons (Crypt:3)
  An alligator zombie (Hell)
  A tarantella (Vaults:1)
  4 wind drakes
  3 hydra skeletons (Hell)
  7 snapping turtles
  4 raiju
  An ettin zombie (Depths:1)
  8 dream sheep
  2 spectral elephants (Lair:6)
  A centaur simulacrum (D:15)
  Sigmund (D:6)
  An alligator skeleton (Hell)
  4 black mamba zombies
  5 flying skulls (Crypt:2)
  4 vampires (Crypt:3)
  3 shadows (Crypt:3)
  20 air elementals
  33 water elementals
  7 fire dragon skeletons (Crypt:3)
  35 yaks
  5 wyverns
  Eustachio (D:4)
  4 hogs (Lair:6)
  8 wraiths
  3 neqoxecs (Orc:1)
  4 basilisks
  17 humans
  2 vampire mosquitoes (D:12)
  A basilisk (shapeshifter) (Vaults:5)
  3 redbacks
  A sea snake simulacrum (Hell)
  An elf skeleton (Vaults:2)
  3 spectral cane toads (Lair:6)
  A swamp worm (shapeshifter) (Vaults:5)
  2 spatial vortices (Abyss:3)
  37 nagas
  A warg (Orc:2)
  2 hydra simulacra (Hell)
  4 hell hounds
  20 water moccasins
  Duvessa (D:6)
  A floating eye (Depths:2)
  38 orc warriors
  A sky beast (D:7)
  An ice beast (D:6)
  4 necrophages
  2 human zombies (Vaults:2)
  14 ogres
  A snapping turtle zombie (Crypt:1)
  A black bear (D:5)
  An elephant zombie (Lair:6)
  16 wolves
  A dream sheep skeleton (Crypt:2)
  A manticore skeleton (Crypt:2)
  15 centaurs
  5 kobold brigands
  2 phantoms
  2 earth elementals
  9 bullfrogs
  A komodo dragon skeleton (Crypt:2)
  An octopode zombie (Crypt:2)
  3 scorpions
  A palentonga skeleton (Crypt:1)
  Dowan (D:6)
  14 wights
  5 killer bees (D:11)
  An elephant simulacrum (Lair:6)
  4 electric eels
  8 howler monkeys
  3 centaur zombies
  2 bullfrog zombies
  2 quasits (Orc:1)
  13 jellies
  A gnoll shaman (D:6)
  12 orc priests
  A hound (D:4)
  A bullfrog skeleton (D:7)
  A basilisk skeleton (Crypt:1)
  An iguana (D:5)
  19 orc wizards
  16 hell rats
  2 killer bee zombies
  A small abomination (Abyss:3)
  A hound skeleton (D:4)
  A mummy (Crypt:3)
  3 gnolls (D:6)
  3 adders
  4 shadow imps
  A white imp (Abyss:3)
  5 ufetubi
  2 adder zombies (Sewer)
  An adder skeleton (D:4)
  An iguana skeleton (Crypt:1)
  3 worms
  A dart slug (D:4)
  81 orcs
  6 bats
  8 endoplasms
  10 giant cockroaches
  10 goblins
  4 hobgoblins
  3 jackals (D:4)
  36 kobolds
  5 quokkas
  7 ball pythons
  6 frilled lizards
  2 kobold zombies (Sewer)
  5 rats
  7 fire vortices
2269 creatures vanquished.

Vanquished Creatures (others)
  A juggernaut (Geh:5)
  A death cob (Zot:3)
  An ancient champion (Hell)
  A tengu reaver (Depths:3)
  A fire giant (Depths:1)
  A ghost moth (Zot:1)
  2 frost giants
  A stone giant (Geh:5)
  2 very ugly things
  2 purple draconians
  2 white draconians
  An iron golem (Hell)
  An ettin (Depths:2)
  2 ice dragons
  A vault guard (Vaults:3)
  2 naga warriors
  A sun demon (Hell)
  2 wizards
  A deep elf zephyrmancer (Elf:1)
  2 deep elf archers
  A deep elf pyromancer (Elf:3)
  A salamander (Depths:3)
  An elephant (Lair:6)
  A frost giant skeleton (Crypt:1)
  A troll (D:13)
  A polar bear (IceCv)
  A shadow (Crypt:3)
  A wraith (Crypt:2)
  A water elemental (Depths:2)
  2 vampire mosquitoes (D:14)
  3 nagas
  2 orc warriors
  A hell rat (Hell)
  An orc wizard (Elf:1)
  6 orcs
  2 kobolds
  A quokka skeleton (Crypt:2)
  2 bushes
  A creeping inferno (Geh:1)
  53 fungi
  148 plants
  24 withered plants (Lair:6)
283 creatures vanquished.

Grand Total: 2552 creatures vanquished

Notes
Turn   | Place    | Note
-------+----------+-------------------------------------------
     0 | D:1      | sankara the Draconian Transmuter began the quest for the
                  | Orb.
     0 | D:1      | Reached XP level 1. HP: 16/16 MP: 3/3
   129 | D:1      | You fall into a shaft and drop 1 floor!
   378 | D:1      | Found Ucesul Joute's Book Boutique.
   592 | D:1      | Reached XP level 2. HP: 20/23 MP: 3/5
   636 | D:1      | Learned a level 2 spell: Wereblood
  1118 | D:2      | Reached XP level 3. HP: 18/28 MP: 4/6
  1247 | D:2      | Learned a level 3 spell: Spider Form
  1532 | D:2      | Found a shimmering altar of Xom.
  1624 | D:2      | Reached skill level 1 in Poison Magic
  1695 | D:2      | Found a radiant altar of Vehumet.
  1775 | D:2      | Reached XP level 4. HP: 34/35 MP: 5/7
  2475 | D:3      | Noticed Grinder
  2479 | D:3      | Paralysed by Grinder for 7 turns
  3137 | D:3      | Found an ancient bone altar of Kikubaaqudgha.
  3139 | D:3      | Identified the amulet of Ryim {Reflect rN+ Str+2 Int+8
                  | SH+5}
  3390 | D:3      | Found a broken altar of Ashenzari.
  3427 | D:3      | Reached XP level 5. HP: 40/40 MP: 0/8
  4489 | D:4      | Noticed a centaur
  4497 | D:4      | Killed a centaur
  4882 | D:4      | Found a staircase to the Ecumenical Temple.
  4892 | Temple   | Entered the Ecumenical Temple
  5121 | Temple   | Became a worshipper of Ru the Awakened
  5346 | D:4      | Noticed Eustachio
  5365 | D:4      | Killed Eustachio
  5366 | D:4      | Reached XP level 6. HP: 47/47 MP: 6/9
  5426 | D:4      | Found Ulepnini's General Store.
  5777 | D:4      | Bought a scroll of summoning for 133 gold pieces
  5838 | D:5      | Entered Level 5 of the Dungeon
  5873 | D:5      | Reached skill level 5 in Unarmed Combat
  5873 | D:5      | Reached skill level 5 in Transmutations
  6255 | D:5      | Noticed a troll
  6274 | D:4      | Killed a troll
  6275 | D:4      | Your scales start taking on a fiery red colour.
  6275 | D:4      | Reached XP level 7. HP: 27/52 MP: 8/10
  6275 | D:4      | Gained mutation: Your flesh is heat resistant. (rF+) [Red
                  | Draconian growth]
  6514 | D:4      | Learned a level 2 spell: Blink
  6982 | D:5      | Reached skill level 1 in Translocations
  7182 | D:5      | Reached XP level 8. HP: 43/61 MP: 8/11
  7669 | D:6      | Gained mutation: You are somewhat unskilled. (-1 Apt) [Ru
                  | sacrifice]
  7669 | D:6      | Reduced skill Spellcasting to level 1
  7669 | D:6      | Reduced skill Translocations to level 1
  7669 | D:6      | Reached * piety under Ru
  7776 | D:6      | Noticed Sigmund
  8007 | D:6      | Found a glowing drain.
  8029 | Sewer    | Entered a sewer
  8180 | Sewer    | Found an ancient bone altar of Kikubaaqudgha.
  8592 | D:6      | Identified the +9 hand axe of Kypeoz {freeze, +Blink Int+9
                  | Dex-2 Stlth-}
  8869 | D:6      | Noticed Dowan
  8869 | D:6      | Noticed Duvessa
  8882 | D:6      | Killed Duvessa
  8883 | D:6      | Killed Dowan
  9098 | D:6      | Reached XP level 9. HP: 51/70 MP: 9/12
  9108 | D:6      | Learned a level 4 spell: Ice Form
  9456 | D:6      | Killed Sigmund
  9582 | D:7      | Found the +3 giant club "Skullcrusher" {speed, Str+7}
  9649 | D:6      | Reached skill level 1 in Ice Magic
 10029 | D:7      | Reached skill level 5 in Fighting
 10416 | D:7      | Gained mutation: You are hated by all. [Ru sacrifice]
 10416 | D:7      | Reached ** piety under Ru
 10416 | D:7      | Reached *** piety under Ru
 10441 | D:7      | Identified the +1 leather armour "Qakaydom" {Int+4 Dex+3}
 10979 | D:8      | Identified the +8 halberd of Peril {drain, rF+ Will++ Str+4
                  | Dex-5}
 11399 | D:8      | Reached XP level 10. HP: 83/83 MP: 8/13
 11492 | D:8      | Found a glowing silver altar of Zin.
 11557 | D:8      | Found a shadowy altar of Dithmenos.
 11583 | D:8      | Found a staircase to the Lair.
 11986 | Lair:1   | Entered Level 1 of the Lair of Beasts
 12094 | Lair:1   | You fall into a shaft and drop 1 floor!
 12331 | Lair:2   | Noticed a cane toad
 12338 | Lair:2   | Killed a cane toad
 12741 | Lair:1   | Noticed a seven-headed hydra
 12748 | Lair:2   | Killed a seven-headed hydra
 12957 | Lair:2   | Noticed a black mamba
 12961 | Lair:2   | Killed a black mamba
 12963 | Lair:2   | Noticed a five-headed hydra
 12967 | Lair:2   | Noticed a cane toad
 12971 | Lair:2   | Killed a five-headed hydra
 12974 | Lair:2   | Killed a cane toad
 13105 | Lair:1   | Noticed a cane toad
 13115 | Lair:2   | Reached XP level 11. HP: 81/92 MP: 9/14
 13274 | Lair:1   | Identified the +5 scimitar "Galo" {vorpal, rN++}
 13618 | Lair:1   | Reached skill level 10 in Transmutations
 14049 | Lair:2   | Noticed Gastronok
 14055 | Lair:2   | Gained mutation: You sometimes lose the ability to drink
                  | potions when taking damage. [Ru sacrifice]
 14055 | Lair:2   | Reached **** piety under Ru
 14068 | Lair:2   | Killed Gastronok
 14069 | Lair:2   | Reached skill level 10 in Unarmed Combat
 14454 | Lair:2   | Found a staircase to the Shoals.
 14797 | Lair:3   | Noticed a four-headed hydra
 14806 | Lair:3   | Killed a four-headed hydra
 14900 | Lair:3   | Identified a scroll of acquirement
 14921 | Lair:2   | Reached skill level 5 in Dodging
 14921 | Lair:2   | Reached XP level 12. HP: 104/104 MP: 15/15
 14923 | Lair:2   | Acquired 1054 gold pieces
 15104 | Lair:3   | Noticed a five-headed hydra
 15584 | Lair:3   | Reached XP level 13. HP: 111/111 MP: 12/16
 16304 | Lair:4   | Found a staircase to the Snake Pit.
 16732 | Lair:4   | Reached skill level 10 in Fighting
 17868 | Lair:5   | Found a staircase to the Slime Pits.
 17870 | Lair:5   | Gained mutation: You cannot be stealthy. [Ru sacrifice]
 17870 | Lair:5   | Reached ***** piety under Ru
 18611 | Lair:6   | Entered Level 6 of the Lair of Beasts
 19526 | Lair:6   | Noticed Kirke
 19912 | Lair:6   | Killed Kirke
 20709 | Lair:6   | Noticed a dire elephant
 20709 | Lair:6   | Noticed a dire elephant
 20709 | Lair:6   | Noticed a dire elephant
 20934 | Lair:6   | Noticed a dire elephant
 20935 | Lair:6   | Noticed a dire elephant
 20946 | Lair:6   | Killed a dire elephant
 20952 | Lair:6   | Killed a dire elephant
 21806 | Lair:6   | Reached XP level 14. HP: 100/116 MP: 17/17
 23697 | Lair:6   | Identified the +0 cloak of Objectivity {rElec rC++ Str-4}
 24394 | D:9      | Noticed Harold
 24419 | D:9      | Killed Harold
 25319 | D:10     | Entered Level 10 of the Dungeon
 27290 | D:12     | Found a staircase to the Orcish Mines.
 28186 | Orc:1    | Entered Level 1 of the Orcish Mines
 28396 | Orc:2    | Entered Level 2 of the Orcish Mines
 28921 | Orc:2    | Noticed Urug
 28929 | Orc:2    | Killed Urug
 29513 | Orc:2    | Reached skill level 15 in Unarmed Combat
 30331 | Orc:2    | Found a staircase to the Elven Halls.
 30561 | Orc:2    | Found Wenutseb's Armour Shoppe.
 30561 | Orc:2    | Found Fozeegg's Antique Armour Boutique.
 30563 | Orc:2    | Found Plog's Distillery.
 30565 | Orc:2    | Found Imesaw's Jewellery Emporium.
 30707 | Orc:1    | Noticed doomedcactus's ghost (journeyman OgHu)
 30708 | Orc:1    | Found a transporter.
 30731 | Orc:1    | Gained mutation: You are missing an eye, making it more
                  | difficult to aim. [Ru sacrifice]
 30912 | Orc:1    | Found a transporter.
 31091 | Orc:1    | Noticed an orc warlord
 31099 | Orc:1    | Killed an orc warlord
 31104 | Orc:1    | Reached XP level 15. HP: 11/139 MP: 14/18
 31956 | Orc:1    | Gained mutation: You are frail. (-10% HP) [a neqoxec]
 31969 | Orc:1    | Killed doomedcactus's ghost
 31977 | Orc:1    | Identified the ring of the Bouncing Wars {AC+4 Str+6}
 32140 | Lair:1   | Lost mutation: You are frail. (-10% HP) [potion of
                  | mutation]
 32140 | Lair:1   | Gained mutation: You have a beak for a mouth. [potion of
                  | mutation]
 32140 | Lair:1   | Gained mutation: Your mind is acute. (Int +2) [potion of
                  | mutation]
 32555 | D:12     | Learned a level 4 spell: Petrify
 32593 | D:13     | Reached skill level 15 in Fighting
 32736 | D:13     | Reached skill level 1 in Earth Magic
 33189 | D:14     | Noticed Nessos
 33189 | D:14     | Found a gate to the Vaults.
 33191 | D:14     | Killed Nessos
 33777 | D:14     | Noticed Agnes
 33791 | D:14     | Killed Agnes
 34129 | D:14     | Found Henigalu's Jewellery Emporium.
 34304 | D:14     | Found Dustiana's Distillery.
 34527 | D:14     | Noticed Rupert
 34552 | D:14     | Paralysed by Rupert for 2 turns
 34565 | D:14     | Paralysed by Rupert for 3 turns
 34586 | D:14     | Killed Rupert
 34948 | D:14     | Found the +2 hood of the Assassin {Detection Stab+ Stlth++}
 34950 | D:14     | Identified the ring of the Glimmering Hero {rF+ Str+6
                  | Dex+4}
 34959 | D:14     | Identified the +2 rapier of Painful Death {venom, rElec
                  | rC+}
 35451 | D:15     | Entered Level 15 of the Dungeon
 35459 | D:15     | Reached skill level 5 in Earth Magic
 35642 | D:15     | Cast into level 2 of the Abyss (a wizard)
 35721 | D:15     | Escaped the Abyss
 35745 | D:15     | Learned a level 6 spell: Statue Form
 35756 | D:15     | Found a staircase to the Depths.
 36706 | Snake:1  | Entered Level 1 of the Snake Pit
 37595 | Snake:1  | Reached XP level 16. HP: 149/149 MP: 22/22
 38132 | Snake:2  | Noticed Vashnia
 38138 | Snake:2  | Killed Vashnia
 38159 | Snake:2  | Found Hurphus's Jewellery Boutique.
 38161 | Snake:2  | Found Seorusua's Antique Weapon Emporium.
 38161 | Snake:2  | Found Hucecic's Armour Boutique.
 38246 | Snake:2  | Found a frozen archway.
 38422 | IceCv    | Entered an ice cave
 39120 | IceCv    | Noticed a shard shrike
 39135 | IceCv    | Killed a shard shrike
 39209 | IceCv    | Identified the +4 quarterstaff of the Fool {freeze, Fly
                  | Dex+4}
 40084 | Snake:3  | Identified the +7 plate armour "Forget-Me-Not" {rElec rF+
                  | SInv}
 40705 | Snake:4  | Entered Level 4 of the Snake Pit
 41098 | Snake:4  | Found Pysaa's Armour Emporium.
 41098 | Snake:4  | Found Ate Zuckuux's Distillery.
 41102 | Snake:4  | Found Minoc's Weapon Emporium.
 41526 | Snake:4  | Reached XP level 17. HP: 156/156 MP: 16/23
 42962 | Snake:4  | Reached skill level 10 in Earth Magic
 43087 | Snake:4  | Got a serpentine rune of Zot
 43799 | Snake:4  | Bought a +0 pair of boots of flying for 218 gold pieces
 43820 | Snake:4  | Bought a potion of heal wounds for 60 gold pieces
 43820 | Snake:4  | Bought a potion of brilliance for 48 gold pieces
 43820 | Snake:4  | Bought a potion of curing for 36 gold pieces
 44127 | Orc:2    | Bought a potion of curing for 42 gold pieces
 44127 | Orc:2    | Bought a potion of might for 56 gold pieces
 44127 | Orc:2    | Bought a potion of curing for 42 gold pieces
 44367 | D:4      | Bought a scroll of fear for 49 gold pieces
 44367 | D:4      | Bought a scroll of identify for 28 gold pieces
 44367 | D:4      | Bought a scroll of holy word for 105 gold pieces
 44595 | D:14     | Bought a potion of haste for 140 gold pieces
 44595 | D:14     | Bought a potion of berserk rage for 70 gold pieces
 44876 | Snake:2  | Bought a ring of resist corrosion for 360 gold pieces
 44876 | Snake:2  | Bought a ring of see invisible for 270 gold pieces
 45171 | Snake:2  | Bought the ring "Zirefilo" {Fly Str-4 Dex+4 Slay+3} for 667
                  | gold pieces
 45400 | Shoals:1 | Entered Level 1 of the Shoals
 45980 | Shoals:1 | Identified the +0 helmet "Okhlej" {rC- rCorr Str+8 Int-2}
 46173 | Shoals:1 | You are sucked into a shaft and drop 1 floor!
 46173 | Shoals:2 | Found the +7 pair of quick blades "Gyre" and "Gimble"
                  | {protect}
 46368 | Shoals:2 | Identified the +10 scythe of Foolhardiness {drain, +Blink
                  | rElec rCorr}
 48128 | Shoals:3 | Found Ipaming's General Store.
 48562 | Shoals:3 | Reached XP level 18. HP: 166/166 MP: 15/24
 48793 | Shoals:4 | Entered Level 4 of the Shoals
 48916 | Shoals:4 | Found a stormy altar of Qazlal.
 48986 | Shoals:4 | Paralysed by an air elemental for 1 turns
 49032 | Shoals:4 | Paralysed by an air elemental for 1 turns
 49218 | Shoals:4 | Paralysed by an air elemental for 1 turns
 49268 | Shoals:4 | Paralysed by an air elemental for 1 turns
 49524 | Shoals:4 | Identified the +8 great sword of the Realm of Zot {holy,
                  | Fly Str-5 Int+4 Stlth+}
 49608 | Shoals:4 | Identified the +3 chain mail of Joafemoc {rN+}
 49611 | Shoals:4 | Got a barnacled rune of Zot
 49617 | Shoals:4 | Identified the +1 fustibalus "Dragon's Undoing" {venom, rF-
                  | Will+ rCorr Dex+4}
 49620 | Shoals:4 | Got Quafrynn's Papyrus of Black Rites
 49625 | Shoals:4 | Identified the +5 hunting sling of Safrenn {flame, *Corrode
                  | rF+ rN++ Dex+4}
 49740 | Shoals:4 | Paralysed by an air elemental for 1 turns
 49767 | Shoals:4 | Paralysed by an air elemental for 1 turns
 49843 | Shoals:4 | Cast into level 3 of the Abyss (merfolk impaler)
 49919 | Shoals:4 | Escaped the Abyss
 50349 | Shoals:4 | Paralysed by an air elemental for 1 turns
 50381 | Shoals:4 | Paralysed by an air elemental for 1 turns
 50969 | Elf:1    | Entered Level 1 of the Elven Halls
 51604 | Elf:1    | Paralysed by an air elemental for 1 turns
 51613 | Elf:1    | Noticed an Ice Fiend
 51980 | Elf:1    | Found a runed translucent gate.
 51980 | Elf:1    | Found a runed translucent gate.
 51980 | Elf:1    | Found a runed translucent gate.
 51980 | Elf:1    | Found a runed translucent gate.
 51980 | Elf:1    | Found a runed translucent gate.
 51983 | Elf:1    | Found a runed translucent gate.
 51992 | Elf:1    | Got Dyligiem's Tome of the Compass
 52737 | Elf:2    | Paralysed by an air elemental for 1 turns
 52741 | Elf:2    | Paralysed by an air elemental for 1 turns
 53646 | Elf:2    | Found a huge runed translucent gate.
 53646 | Elf:2    | Found a huge runed translucent gate.
 53647 | Elf:2    | Found a huge runed translucent gate.
 53648 | Elf:2    | Found a huge runed translucent gate.
 53657 | Elf:2    | Found a huge runed translucent gate.
 54007 | Elf:2    | Gained mutation: You cannot study or cast Air magic. [Ru
                  | sacrifice]
 54007 | Elf:2    | Gained mutation: You cannot study or cast Hexes magic. [Ru
                  | sacrifice]
 54007 | Elf:2    | Gained mutation: You cannot study or cast Conjurations
                  | magic. [Ru sacrifice]
 54007 | Elf:2    | Reached ****** piety under Ru
 54207 | Elf:2    | Reached XP level 19. HP: 177/177 MP: 18/25
 55083 | Elf:3    | Entered Level 3 of the Elven Halls
 55283 | Elf:3    | Paralysed by an air elemental for 1 turns
 55289 | Elf:3    | Paralysed by an air elemental for 1 turns
 55292 | Elf:3    | Paralysed by an air elemental for 1 turns
 55297 | Elf:3    | Paralysed by an air elemental for 1 turns
 55300 | Elf:3    | Paralysed by an air elemental for 1 turns
 55697 | Elf:3    | Identified the +2 triple sword of Compulsion {elec, rElec}
 56241 | Elf:3    | Reached skill level 10 in Dodging
 56866 | Elf:3    | Identified the +5 quarterstaff "Luamopul" {vorpal, Int+4
                  | Dex+2}
 56866 | Elf:3    | Identified the +1 leather armour of Fumur {Fly rC- Dex+7}
 57087 | Elf:3    | Got the Compendium of the Venomous Blaze
 57089 | Elf:3    | Identified the +5 fustibalus of Zura {venom, rElec Str+4}
 57177 | Elf:3    | Identified the +1 hunting sling "Zonacury" {venom, rF+ rC+}
 57191 | Elf:3    | Identified the +2 shortbow of Amortisation {flame, Will+
                  | Int+2}
 57195 | Elf:3    | Got Goorchour's Arcane Arts, Part Five
 57307 | Elf:3    | Acquired 634 gold pieces
 57659 | Vaults:1 | Entered Level 1 of the Vaults
 59616 | Vaults:2 | Identified the +6 battleaxe of the Spider Nest {vorpal,
                  | Int+5 SInv}
 59700 | Vaults:2 | Reached XP level 20. HP: 185/185 MP: 26/26
 60425 | Vaults:2 | Found a huge runed gate.
 60425 | Vaults:2 | Found a huge runed gate.
 60425 | Vaults:2 | Found a huge runed gate.
 60425 | Vaults:2 | Found a huge runed gate.
 60425 | Vaults:2 | Found a huge runed gate.
 60425 | Vaults:2 | Found a huge runed gate.
 60425 | Vaults:2 | Found a huge runed gate.
 60426 | Vaults:2 | Found a huge runed gate.
 60426 | Vaults:2 | Found a huge runed gate.
 60426 | Vaults:2 | Found a huge runed gate.
 60433 | Vaults:2 | Found a huge runed gate.
 60433 | Vaults:2 | Found a huge runed gate.
 60433 | Vaults:2 | Found a huge runed gate.
 60433 | Vaults:2 | Found a huge runed gate.
 60433 | Vaults:2 | Found a huge runed gate.
 60433 | Vaults:2 | Found a huge runed gate.
 60434 | Vaults:2 | Found a huge runed gate.
 60435 | Vaults:2 | Found a huge runed gate.
 60436 | Vaults:2 | Found a huge runed gate.
 60444 | Vaults:2 | Found a huge runed gate.
 60444 | Vaults:2 | Found a huge runed gate.
 60444 | Vaults:2 | Found a huge runed gate.
 60444 | Vaults:2 | Found a huge runed gate.
 60444 | Vaults:2 | Found a huge runed gate.
 60444 | Vaults:2 | Found a huge runed gate.
 60445 | Vaults:2 | Found a huge runed gate.
 60653 | Vaults:2 | Found Pugot's Antique Weapon Emporium.
 60681 | Vaults:2 | Found a huge runed gate.
 60681 | Vaults:2 | Found a huge runed gate.
 60687 | Vaults:2 | Found a huge runed gate.
 60687 | Vaults:2 | Found a huge runed gate.
 60687 | Vaults:2 | Found a huge runed gate.
 60687 | Vaults:2 | Found a huge runed gate.
 60687 | Vaults:2 | Found a huge runed gate.
 60687 | Vaults:2 | Found a huge runed gate.
 60688 | Vaults:2 | Found a huge runed gate.
 60689 | Vaults:2 | Found a huge runed gate.
 61495 | Vaults:3 | Found a flickering gateway to a bazaar.
 61504 | Bazaar   | Entered a bazaar
 61589 | Bazaar   | Found Ipratid's Book Shop.
 61603 | Bazaar   | Found Dieb's Antique Armour Shop.
 61692 | Vaults:3 | Found a transporter.
 61696 | Vaults:3 | Found a bloodstained altar of Trog.
 61704 | Vaults:3 | Found a transporter.
 61720 | Vaults:3 | Noticed AgonHex's ghost (veteran HOFi)
 61809 | Vaults:3 | Noticed Margery
 61826 | Vaults:2 | Killed Margery
 62261 | Vaults:3 | Identified the +1 ring mail "Miwuij" {rF- rC++ Dex+9}
 63846 | Vaults:3 | Found a staircase to the Crypt.
 64598 | Vaults:3 | Killed AgonHex's ghost
 64599 | Vaults:3 | Reached XP level 21. HP: 202/202 MP: 23/27
 66305 | Vaults:4 | Learned a level 2 spell: Passwall
 66413 | Vaults:5 | Entered Level 5 of the Vaults
 67172 | Vaults:5 | Noticed Jory
 67850 | Vaults:4 | Killed Jory
 67981 | Vaults:5 | Noticed an ancient lich
 67982 | Vaults:5 | Killed an ancient lich
 68256 | Vaults:5 | Reached XP level 22. HP: 177/177 MP: 14/28
 68259 | Vaults:5 | Identified the +8 flail "Horap" {freeze, rPois Int+4 Dex+3}
 68748 | Vaults:5 | Noticed a golden dragon
 68849 | Vaults:4 | Killed a golden dragon
 69066 | Vaults:5 | Noticed an ancient lich
 69076 | Vaults:5 | Killed an ancient lich
 69363 | Vaults:5 | Got a silver rune of Zot
 69923 | Vaults:5 | Reached skill level 1 in Shields
 70956 | Crypt:1  | Entered Level 1 of the Crypt
 71418 | Crypt:1  | Reached skill level 5 in Spellcasting
 71909 | Crypt:2  | Reached skill level 5 in Shields
 72939 | Crypt:2  | Reached skill level 10 in Shields
 73377 | Crypt:3  | Entered Level 3 of the Crypt
 73686 | Crypt:3  | Noticed Khufu
 73686 | Crypt:3  | Noticed a royal mummy
 73687 | Crypt:3  | Noticed a royal mummy
 73694 | Crypt:3  | Reached XP level 23. HP: 198/198 MP: 16/30
 73709 | Crypt:3  | Killed a royal mummy
 73719 | Crypt:3  | Killed Khufu
 73723 | Crypt:3  | Killed a royal mummy
 73916 | Crypt:3  | Identified the +1 plate armour of the Tundras {+Inv rC-
                  | Str+2}
 73919 | Crypt:3  | Identified the +7 quick blade "Camadout" {venom, Fragile
                  | rElec rF- Int+8}
 74369 | Crypt:3  | Identified the ring "Pakkuh" {Will+ MP+9}
 74493 | Crypt:3  | Learned a level 7 spell: Dragon Form
 74700 | Crypt:3  | Reached XP level 24. HP: 235/235 MP: 25/31
 74764 | Crypt:3  | Got the Compendium of Warped Transmigration
 75232 | Crypt:3  | Found a staircase to the Tomb.
 75330 | Crypt:3  | Noticed an ancient lich
 75341 | Crypt:3  | Killed an ancient lich
 76126 | Depths:1 | Entered Level 1 of the Depths
 76215 | Depths:1 | Noticed Sojobo
 76223 | Depths:1 | Killed Sojobo
 76731 | Depths:1 | Found a one-way gate to the infinite horrors of the Abyss.
 76850 | Depths:1 | Noticed Bai Suzhen
 76861 | Depths:1 | Killed Bai Suzhen
 77032 | Depths:1 | Found a gateway to Hell.
 77298 | Depths:2 | Found Yrejemn's Mass Market.
 77603 | Depths:2 | Found Haleuzu's Antique Weapon Shop.
 78366 | Depths:2 | Noticed Mara
 78371 | Depths:2 | Noticed sankara's illusion
 78376 | Depths:2 | Killed Mara
 78838 | Depths:2 | Found a one-way gate leading to the halls of Pandemonium.
 79329 | Depths:3 | Reached skill level 15 in Shields
 79712 | Depths:3 | Reached skill level 15 in Transmutations
 80479 | Depths:3 | Paralysed by a sphinx for 6 turns
 80502 | Depths:3 | Reached XP level 25. HP: 217/225 MP: 36/36
 80826 | Depths:3 | Found a corrupted altar of Lugonu.
 81071 | Depths:4 | Entered Level 4 of the Depths
 81426 | Depths:4 | Found a one-way gateway to a ziggurat.
 81828 | Depths:4 | Found a gate to the Realm of Zot.
 82229 | Depths:4 | Reached skill level 10 in Spellcasting
 82766 | Depths:4 | Reached skill level 15 in Dodging
 82965 | Zot:1    | Entered Level 1 of the Realm of Zot
 83021 | Zot:1    | You fall into a shaft and drop 1 floor!
 83029 | Zot:2    | Identified the +7 hunting sling of Ogaghoegh {flame, +Blink
                  | rPois Str+4}
 84553 | Zot:2    | Identified the +4 ring mail of Wamiymoz {Harm rElec rF-
                  | rCorr}
 85375 | Zot:2    | Identified the +7 arbalest of Discretion {elec, Dex+4}
 86452 | Zot:3    | Noticed a Killer Klown
 86457 | Zot:3    | Killed a Killer Klown
 86507 | Zot:2    | Reached XP level 26. HP: 48/232 MP: 39/39
 90604 | Hell     | Entered the Vestibule of Hell
 90604 | Hell     | Noticed Geryon
 90742 | Hell     | Killed Geryon
 91457 | Hell     | Found a gateway to the Iron City of Dis.
 91731 | Hell     | Found a gateway to the ashen valley of Gehenna.
 91794 | Hell     | Found a gateway to the decaying netherworld of Tartarus.
 91891 | Hell     | Found a gateway to the freezing wastes of Cocytus.
 92643 | Geh:1    | Entered Level 1 of Gehenna
 93195 | Geh:2    | Learned a level 5 spell: Manifold Assault
 93420 | Geh:3    | You fall into a shaft and drop 2 floors!
 93420 | Geh:5    | Noticed a juggernaut
 93420 | Geh:5    | Noticed a juggernaut
 93420 | Geh:5    | Noticed a juggernaut
 93430 | Geh:5    | Reached XP level 27. HP: 184/203 MP: 33/39
 93439 | Geh:5    | Reached skill level 5 in Translocations
 93441 | Geh:5    | Killed a juggernaut
 93462 | Geh:5    | Killed a juggernaut
 93477 | Geh:5    | HP: 3/308 [juggernaut (53)]
 93478 | Geh:5    | Killed from afar by a frost giant

Illustrated notes

Levels and vault maps discovered:
D:1:      minmay_arrival_four_loops, layout_loops_ring, serial_shops,
          nicolae_lakefront_shop, minmay_pentomino_o2
D:2:      layout_basic, basic_altar, kennysheep_flooded_box,
          minmay_indecisive_spiral
D:3:      layout_basic, nicolae_overflow_squiral, grunt_ministairs_11,
          uniq_grinder
D:4:      layout_cave_pods, minmay_temple_entry_antechambers,
          serial_co_window_serial, co_window_of_opportunity_a,
          co_window_cross_1, co_window_corner_a, co_window_paths_b,
          co_window_of_opportunity_a, co_window_paths_b, co_window_paths_a,
          co_window_corner_a, co_window_corner_a, co_window_unsneaky_path_b,
          co_window_corner_b, co_window_of_opportunity_c, co_window_paths_c,
          co_window_2corner, co_window_4corner_a, glass_columns_a, serial_shops,
          shop, uniq_eustachio
D:5:      layout_basic, dk_noncrumbling_4
D:6:      layout_gridville, cheibrodos_sewer_entry_bend, minmay_holes,
          minmay_fountain_box, uniq_duvessa, uniq_sigmund
D:7:      layout_cave_pools, minmay_misc_feat_x
D:8:      layout_gridville, mainiacjoe_overflow_large_starburst,
          grunt_lair_entry_orc_guard_hut
D:9:      layout_layer_cave, mainiacjoe_overflow_tiny_flanked, uniq_harold
D:10:     layout_basic, nicolae_lava_and_water, nicolae_fountain_basement
D:11:     layout_loops_cross
D:12:     layout_roguey, david_orc_5
D:13:     layout_rooms
D:14:     layout_basic, david_vaults_3, hangedman_abyss_or_decor_lesser_grid,
          serial_shops, kennysheep_mini, nicolae_shop_window_shopping,
          serial_rivers, chequers_serial_rivers_small_a,
          chequers_serial_rivers_small_a, chequers_serial_rivers_small_b,
          chequers_serial_rivers_small_b, chequers_serial_rivers_large_a,
          lemuel_flamethrower_hall, uniq_agnes, uniq_rupert
D:15:     grunt_enter_depths_magical_seal, layout_basic, grunt_decor_clamped
Temple:   minmay_crystal_spiral_temple
Lair:1:   layout_cave_shapes, patterned_corridor, lemuel_fruit_tree
Lair:2:   layout_cave_shapes, minmay_shoals_entry_lonely_mermaid, serial_bayou,
          serial_bayou_pond_d, serial_bayou_pond_e, serial_bayou_ford_a,
          serial_bayou_crossing, lemuel_fruit_fields, uniq_gastronok
Lair:3:   layout_loops_ring
Lair:4:   layout_cellular_growth, guppyfry_snake_entry_island,
          nicolae_volcano_entry_s_turn, infiniplex_staircase_pool_2
Lair:5:   layout_regular_city, minmay_slime_entry_jelly_boxes
Lair:6:   due_jungle_book, layout_loops_ring, grunt_megastairs_5, uniq_kirke
Shoals:1: layout_shoals
Shoals:2: layout_shoals, yaktaur_hedge
Shoals:3: layout_shoals, serial_shops, shop
Shoals:4: shoals_end_hellmonk_storm_palace [storm_palace_center_ruins,
          storm_palace_corner_blocked, storm_palace_corner_altar,
          storm_palace_corner_pillars, storm_palace_corner_altar]
Snake:1:  layout_rooms
Snake:2:  layout_rooms, portal_ice_cave_entry_ice_statue_two,
          nicolae_wooded_promenade, uniq_vashnia
Snake:3:  layout_gridlike, grunt_megastairs_2
Snake:4:  snake_pit, layout_misc_corridors, minmay_shop_star
Orc:1:    layout_caves, basic_altar, gammafunk_ghost_stat_death, elf_legates
Orc:2:    st_orc_rangers, layout_diamond_mine, basic_altar,
          statue_in_the_mist_lemuel, uniq_urug
Elf:1:    layout_gridlike, orc_legates, nicolae_elf_blasts_and_bolts
Elf:2:    elven_hall_of_blades_hangedman_alternative
          [nicolae_blade_entry_crossed_weapons], layout_geoelf_diagonals,
          serial_co_window_serial, co_window_paths_a, co_window_cross_1,
          co_window_of_opportunity_a, co_window_of_opportunity_a,
          co_window_paths_a, co_window_corner_a, co_window_paths_a,
          co_window_of_opportunity_a, co_window_paths_b,
          co_window_unsneaky_path_d, co_window_unsneaky_path_a,
          co_window_of_opportunity_b, co_window_of_opportunity_c,
          co_window_paths_d, glass_columns_c, glass_columns_c, glass_columns_a
Elf:3:    minmay_elf_hall_dome, layout_rooms
Vaults:1: hangedman_vaults_corner_blocks, nicolae_vaults_theta,
          vaults_dpeg_cross, vaults_mumra_hex, vaults_dpeg_encased_lava,
          nicolae_vaults_mini_display_case, layout_vaults_quadrants
Vaults:2: vaults_room_fours, ontoclasm_vaults_idyll, vaults_room_stairs_pillars,
          grunt_vaults_hallway_long, ontoclasm_vaults_twist,
          vaults_room_octagon, nicolae_vaults_alarming, v_misc_1,
          grunt_vaults_trifunnel, nicolae_vaults_diagonal_hallway_8, door_vault,
          vaults_dpeg_hooks, nicolae_vaults_network_s, vaults_mumra_minichess,
          layout_vaults_omnibox, serial_shops, nicolae_shop_behind_doors
Vaults:3: gammafunk_ghost_wrathful_warriors, ontoclasm_vaults_gallery,
          minmay_crypt_entry_simple_round, v_misc_11,
          nicolae_vaults_inception_scallops, vaults_room_grid,
          vaults_room_pools, nicolae_vaults_angled_halls, v_pattern_3,
          layout_vaults_chaotic_city, serial_shops, bzr_in_the_mist,
          uniq_margery
Vaults:4: vaults_room_fancy_cross, ontoclasm_vaults_loading_screen,
          vaults_standard_mumra_x, v_misc_29, vaults_room_semicircle,
          nicolae_vaults_ninety_degrees, dpeg_vaults_monster_box,
          hangedman_vaults_cutoff, v_alt_pattern_2, nicolae_vaults_shelves_hall,
          vaults_room_hangedman_quadrants, layout_vaults_omnicross
Vaults:5: uniq_jory
Crypt:1:  layout_chaotic_city
Crypt:2:  layout_chaotic_city
Crypt:3:  quadcrypt_mu, uniq_khufu
Depths:1: layout_forbidden_donut, hangedman_geh_valley,
          yredelemnul_altar_generic, abyss_entry, kennysheep_generic_room_11,
          uniq_bai_suzhen, uniq_sojobo
Depths:2: minmay_octo_star, layout_gridlike, serial_bayou, serial_bayou_shore_b,
          serial_bayou_pond_a, serial_bayou_pond_a, serial_bayou_lagoon_a,
          serial_bayou_pond_e, lightli_too_deep, pan_entry, serial_shops,
          nicolae_shop_advertising_works [nicolae_subvault_shop_adworks],
          abyss_entry_small_statue_room, minmay_shop_mass,
          minmay_misc_feat_alley, serial_bayou_shore_a, firewood_loft, uniq_mara
Depths:3: nzn_winding_woodlands_stair_cross [nzn_winding_woodlands_5x15_parted,
          nzn_winding_woodlands_center_triple_pond,
          nzn_winding_woodlands_5x15_eye, nzn_winding_woodlands_5x5_perimeter,
          nzn_winding_woodlands_5x5_cross,
          nzn_winding_woodlands_5x15_sidewinder,
          nzn_winding_woodlands_center_garden,
          nzn_winding_woodlands_5x15_garden], layout_gridlike,
          abyss_entry_flame_altar, hellmouth_1, infiniplex_staircase_pillars_2
Depths:4: grunt_runaround [grunt_runaround_doors_1, grunt_runaround_doors_2,
          grunt_runaround_doors_3, grunt_runaround_doors_4,
          grunt_runaround_zot], hell_entry, abyss_entry
Hell
Geh:1:    layout_gehenna_lava_caves
Geh:2:    layout_gehenna_lava_caves
Geh:3:    layout_gehenna_lava_caves
Geh:5:    nicolae_hells_titanomachy
Zot:1:    layout_onion_interference, bh_zot_ikea_curve
Zot:2:    layout_basic
Zot:3:    layout_cellular_growth, grunt_megastairs_4
Zot:4:    kennysheep_spiral_hall, layout_onion_interference, zot_minivault_5

Skill      XL: |  1  2  3  4  5  6  7  8  9 10 11 12 13 14 15 16 17 18 19 20 21 22 23 24 25 26 27 |
---------------+----------------------------------------------------------------------------------+-----
Transmutations | 3 4 5 6 7 9 10 11 13 14 15 16 | 16.0
Poison Magic   | 1 2 3 3 |  3.0
Unarmed Combat | 4 5 6 7 9 11 13 15 16 17 18 19 20 21 22 23 24 | 24.5
Translocations | 1 2 3 4 5 |  5.7
Fighting       | 2 4 5 7 9 12 14 15 16 17 19 23 24 | 24.0
Spellcasting   | 2 4 5 9 12 | 12.0
Dodging        | 3 5 6 7 8 9 10 11 13 14 16 18 | 18.4
Ice Magic      | 2 3 |  3.0
Earth Magic    | 7 9 10 12 | 12.0
Shields        | 12 13 15 | 15.0

Action                   |  1- 3 |  4- 6 |  7- 9 | 10-12 | 13-15 | 16-18 | 19-21 | 22-24 | 25-27 || total
-------------------------+-------+-------+-------+-------+-------+-------+-------+-------+-------++-------
Melee: Unarmed           |    94 |   148 |   245 |   237 |  1069 |  1026 |   891 |   940 |   985 ||  5635
       Kick              |    15 |       |     7 |       |     4 |     1 |       |       |       ||    27
       Headbutt          |     9 |     1 |     2 |       |     2 |     1 |       |       |       ||    15
       Tailslap          |     9 |     2 |     1 |       |    26 |   149 |   180 |   213 |   220 ||   800
       Punch             |     2 |       |       |       |     8 |   111 |   126 |    12 |       ||   259
       Hand axe          |       |       |     1 |       |     2 |    13 |     1 |     1 |       ||    18
       Peck              |       |       |       |       |    31 |   228 |   252 |   265 |   299 ||  1075
       Bite              |       |       |       |       |       |       |       |       |     1 ||     1
Throw: Dart              |       |       |     6 |       |    12 |     2 |     5 |       |       ||    25
 Cast: Beastly Appendage |    28 |     2 |     1 |       |     1 |     1 |       |       |       ||    33
       Spider Form       |     4 |    39 |    20 |       |     1 |     1 |       |     1 |       ||    66
       Wereblood         |       |       |     1 |       |       |       |       |       |       ||     1
       Ice Form          |       |       |    14 |    27 |   108 |     2 |       |       |       ||   151
       Blink             |       |       |       |       |     9 |     2 |     2 |     1 |    10 ||    24
       Statue Form       |       |       |       |       |    16 |   154 |   140 |   121 |   142 ||   573
       Dragon Form       |       |       |       |       |       |       |       |       |     1 ||     1
       Manifold Assault  |       |       |       |       |       |       |       |       |     1 ||     1
Invok: Sacrifice Skill   |       |       |     1 |       |       |       |       |       |       ||     1
       Sacrifice Love    |       |       |     1 |       |       |       |       |       |       ||     1
       Draw Out Power    |       |       |       |     1 |     3 |     1 |       |     1 |     1 ||     7
       Sacrifice Drink   |       |       |       |     1 |       |       |       |       |       ||     1
       Apocalypse        |       |       |       |       |     4 |     4 |    12 |     7 |    10 ||    37
       Sacrifice Stealth |       |       |       |       |     1 |       |       |       |       ||     1
       Reject Sacrifices |       |       |       |       |     2 |     1 |       |       |       ||     3
       Sacrifice an Eye  |       |       |       |       |     1 |       |       |       |       ||     1
       Sacrifice Arcana  |       |       |       |       |       |     1 |       |       |       ||     1
       Power Leap        |       |       |       |       |       |       |     1 |     1 |       ||     2
 Abil: Breathe Fire      |       |       |     2 |     1 |     3 |       |       |       |     1 ||     7
       End Transformatio |       |       |     1 |     1 |     9 |     1 |       |     1 |     2 ||    15
Evoke: Wand              |       |       |     1 |    12 |     5 |       |     1 |       |       ||    19
  Use: Scroll            |       |    12 |     1 |    12 |     9 |     4 |     7 |     2 |     3 ||    50
       Potion            |       |       |       |     2 |     2 |       |     4 |     5 |     2 ||    15
 Stab: Sleeping          |       |     2 |     1 |       |       |       |       |       |       ||     3
       Distracted        |       |       |       |     1 |     2 |    11 |     8 |    11 |    11 ||    44
       Petrified         |       |       |       |       |     4 |       |       |       |       ||     4
       Invisible         |       |       |       |       |    14 |     6 |    11 |     4 |    11 ||    46
       Paralysed         |       |       |       |       |     6 |     5 |    15 |    16 |    18 ||    60
Armor: Skin              |    19 |    13 |    27 |    44 |   251 |   696 |   512 |   354 |   389 ||  2305
Dodge: Dodged            |    60 |   144 |   179 |   147 |   546 |   885 |   762 |   609 |   748 ||  4080
       Repelled          |       |       |     1 |       |       |       |       |       |       ||     1
Block: Other             |       |    28 |    58 |    63 |   164 |   261 |   206 |    19 |     2 ||   801
       Reflection        |       |     1 |     3 |       |    23 |    29 |    22 |    28 |    17 ||   123
       Kite shield       |       |       |       |       |       |       |       |   848 |  1013 ||  1861
       Buckler           |       |       |       |       |       |       |       |     2 |       ||     2
